 Dungeon Crawl Stone Soup version 0.25-a0-474-ga8a2ee3166 (webtiles) character file.

Game seed: 2058035792418637611, levelgen mode: deterministic

315 funkygono the Conjurer (level 6, -6/46 HPs)
             Began as a Draconian Conjurer on Feb 6, 2020.
             Mangled by Edmund
             ... wielding a +7 dire flail of protection
              (11 damage)
             ... on level 4 of the Dungeon.
             The game lasted 00:08:59 (3232 turns).

funkygono the Conjurer (Draconian Conjurer)         Turns: 3232, Time: 00:08:59

Health: -6/46      AC:  6    Str: 15    XL:     6   Next: 19%
Magic:  0/11       EV: 14    Int: 18    God:
Gold:   128        SH:  0    Dex: 11    Spells: 5/11 levels left

rFire    x . .     SeeInvis .   d - +0 whip
rCold    + . .     Gourm    .   (no shield)
rNeg     . . .     Faith    .   (armour unavailable)
rPois    .         Spirit   .   (helmet restricted)
rElec    .         Reflect  .   (no cloak)
rCorr    .         Harm     .   (no gloves)
MR       .....                  (no boots)
Stlth    ++........             (no amulet)
HPRegen  0.15/turn              i - +2 ring of evasion
MPRegen  0.12/turn              o - ring of ice

@: mighty
A: unfitting armour, cold-blooded, AC +6
a: no special abilities


You were on level 4 of the Dungeon.
You were not hungry.

You visited 1 branch of the dungeon, and saw 4 of its levels.

You collected 128 gold pieces.

Inventory:

Hand Weapons
 d - a +0 whip (weapon)
Missiles
 c - 106 stones (quivered)
Armour
 g - a +0 large shield
Jewellery
 i - a +2 ring of evasion (left hand)
 o - a ring of ice (right hand)
Scrolls
 j - a scroll of teleportation
 l - a scroll of amnesia
 n - 2 scrolls of identify
Potions
 a - 3 potions of curing {unknown}
 e - a potion of brilliance {unknown}
 k - a potion of degeneration {unknown}
 m - a potion of mutation {unknown}
Comestibles
 b - 4 rations
 h - 4 chunks of flesh


   Skills:
 + Level 0.5 Fighting
 + Level 0.8 Maces & Flails
 + Level 2.4 Dodging
 + Level 2.7 Stealth
 * Level 2.1 Shields
 + Level 3.4 Spellcasting
 + Level 5.4 Conjurations


You had 5 spell levels left.
You knew the following spells:

 Your Spells              Type           Power        Failure   Level  Hunger
a - Magic Dart            Conj           ###.         1%          1    None
b - Searing Ray           Conj           ###...       2%          2    ##.....
c - Dazzling Flash        Conj/Hex       ##....       16%         3    ###....

Your spell library contained the following spells:

 Spells                   Type           Power        Failure   Level  Hunger
 Fulminant Prism          Conj/Hex       ##........   45%         4    ####...
 Iskenderun's Mystic Bla  Conj/Tloc      ##......     45%         4    ####...


Dungeon Overview and Level Annotations

Branches:
Dungeon (4/15)
 Temple: D:4-7

Altars:
The Shining One

Annotations:
D:3 2 transporters, sking99's ghost, amateur DsFi
D:4 Edmund


Innate Abilities, Weirdness & Mutations

Your plain brown scales are hard. (AC +6)
You cannot fit into any form of body armour.
You are cold-blooded and may be slowed by cold attacks.


Message History

Edmund is moderately wounded.
Edmund hits you with a +7 dire flail of protection!
* * * LOW HITPOINT WARNING * * *
Casting: Magic Dart (safe; 1% risk of failure)
Confirm with . or Enter, or press ? or * to list all spells.
Aiming: Magic Dart (safe; 1% risk of failure)
Press: ? - help, Shift-Dir - straight line, f/p - Edmund
Aim: Edmund, wielding a +7 dire flail of protection and wearing a +0 scale mail (moderately wounded)
The magic dart hits Edmund.
Edmund is moderately wounded.
Edmund closely misses you.
You feel very mighty all of a sudden. Edmund closely misses you.
You barely miss Edmund.
Edmund is moderately wounded.
Edmund completely misses you.
You hit Edmund but do no damage.
Edmund is moderately wounded.
Edmund hits you with a +7 dire flail of protection!
You die...

#### #... ### ##########
#... ###.# #....>...#
#...##...# #<.......#
#..@#..#.###........#
#...#@##..##........###
#.....###.####.#......###
#...### #@# #.######...##
#... #@# ##.# ###...
.....#####.###..# ##..
##.......##..##.## #..#
######...#.....#########.##
#...#...............##
##..................#.
#........>............
#........(...........#
#.....................


You could see Edmund.

Vanquished Creatures
  A hippogriff (D:4)
  4 gnolls (D:2)
  An adder (D:3)
  3 worms
  A dart slug (D:1)
  A leopard gecko (D:2)
  A ball python (D:1)
  8 giant cockroaches
  6 goblins
  5 hobgoblins
  7 jackals
  2 quokkas (D:4)
  12 bats
  3 frilled lizards
  8 kobolds
  4 rats
67 creatures vanquished.

Notes
Turn   | Place    | Note
-------+----------+-------------------------------------------
     0 | D:1      | funkygono the Draconian Conjurer began the quest for the
                  | Orb.
     0 | D:1      | Reached XP level 1. HP: 14/14 MP: 3/3
   203 | D:1      | Reached XP level 2. HP: 20/20 MP: 1/5
   356 | D:1      | Learned a level 2 spell: Searing Ray
  1070 | D:1      | Reached XP level 3. HP: 21/26 MP: 3/6
  1550 | D:2      | Reached XP level 4. HP: 33/33 MP: 0/7
  1732 | D:2      | Found a glowing golden altar of the Shining One.
  1746 | D:2      | Reached skill level 1 in Shields
  1993 | D:2      | Learned a level 3 spell: Dazzling Flash
  2082 | D:3      | Found a transporter.
  2088 | D:3      | Noticed sking99's ghost (amateur DsFi)
  2165 | D:3      | Found a transporter.
  2562 | D:3      | Reached skill level 5 in Conjurations
  2818 | D:4      | Noticed a hippogriff
  2841 | D:4      | Killed a hippogriff
  2841 | D:4      | Reached XP level 5. HP: 17/39 MP: 0/10
  2841 | D:4      | Reached XP level 6. HP: 20/46 MP: 0/11
  3209 | D:4      | Noticed Edmund
  3232 | D:4      | Mangled by Edmund

Levels and vault maps discovered:
D:1:      saegor_arrival_simple_d, layout_loops_ring
D:2:      layout_rooms, nicolae_overflow_crystal_walls
D:3:      layout_basic, gammafunk_ghost_arena
D:4:      minmay_chambers_of_fours, layout_rooms, first_ration,
          cheibrodos_gnoll_hut, uniq_ijyb, uniq_edmund, uniq_menkaure

Skill      XL: |  1  2  3  4 |
---------------+-------------+-----
Stealth        | 2 |  2.7
Dodging        | 2 |  2.4
Shields        | 2 |  2.1
Conjurations   | 5 |  5.4
Spellcasting   | 3 |  3.4
Fighting       | |  0.5
Maces & Flails | |  0.8

Action                   |  1- 3 |  4- 6 || total
-------------------------+-------+-------++-------
Melee: Unarmed           |    19 |       ||    19
       Tailslap          |     1 |     1 ||     2
       Whip              |       |    20 ||    20
 Cast: Magic Dart        |    63 |    68 ||   131
       Searing Ray       |     3 |     9 ||    12
  Use: Scroll            |     3 |     1 ||     4
       Potion            |       |     1 ||     1
  Eat: Chunk             |     3 |     6 ||     9
Armor: Skin              |    16 |    11 ||    27
Dodge: Dodged            |    26 |    40 ||    66

Table legend:
 A = Non-vault XP
 B = Vault XP
 C = Vault XP percentage of total XP
 D = Non-vault monster count
 E = Vault monster count
 F = Vault count percentage of total count
                 A         B        C        D         E       F
            +---------+---------+-------+---------+---------+-------
      Total |     450 |       0 |   0.0 |      67 |       0 |   0.0
            +---------+---------+-------+---------+---------+-------
        D:1 |      43 |       0 |   0.0 |      25 |       0 |   0.0
        D:2 |      84 |       0 |   0.0 |      18 |       0 |   0.0
        D:3 |      43 |       0 |   0.0 |      16 |       0 |   0.0
        D:4 |     280 |       0 |   0.0 |       8 |       0 |   0.0
            +---------+---------+-------+---------+---------+-------
